 Dungeon Crawl Stone Soup version 0.29-a0-380-gf50f0a9fbc (webtiles) character file.

Game seed: 1304264768660816572

163 bastard the Conjurer (level 5, -2/28 HPs)
             Began as a Tengu Fire Elementalist on May 6, 2022.
             Slain by an iguana (4 damage)
             ... on level 4 of the Dungeon.
             The game lasted 00:08:08 (4023 turns).

bastard the Conjurer (Tengu Fire Elementalist)      Turns: 4023, Time: 00:08:09

Health: -2/28      AC:  8    Str:  8    XL:     5   Next: 44%
Magic:  8/9        EV: 14    Int: 17    God:
Gold:   76         SH:  0    Dex: 15    Spells: 5/8 levels left

rFire   . . .      SeeInvis .   d - +2 quarterstaff (chaos)
rCold   . . .      Faith    .   (shield currently unavailable)
rNeg    . . .      Spirit   .   a - +1 robe
rPois   .          Reflect  .   (helmet restricted)
rElec   .          Harm     .   j - +0 cloak
rCorr   .          Rampage  .   (no gloves)
Will    +....                   (boots unavailable)
Stlth   ++........              (no amulet)
HPRegen 0.09/turn               i - ring of willpower
MPRegen 0.11/turn               h - +4 ring of protection

@: flying quickly and evasively, quick
A: beak, talons 3, nimble flight
a: no special abilities


You were on level 4 of the Dungeon.
You visited 1 branch of the dungeon, and saw 4 of its levels.

You collected 76 gold pieces.

Inventory:

Hand Weapons
 d - a +2 quarterstaff of chaos (weapon)
Missiles
 f - a throwing net
Armour
 a - a +1 robe (worn)
 j - a +0 cloak (worn)
Jewellery
 e - a +4 ring of evasion
 h - a +4 ring of protection (right hand)
 i - a ring of willpower (left hand)
Wands
 m - a wand of acid (8)
 o - a wand of flame (20)
 p - a wand of charming (1)
Scrolls
 b - a scroll of teleportation
Potions
 c - 3 potions of attraction
 l - a potion of mutation {unknown}
 q - a potion of might {unknown}


   Skills:
 - Level 2.1 Dodging
 - Level 2.0 Stealth
 - Level 2.0 Spellcasting
 + Level 6.0 Conjurations
 + Level 4.2 Fire Magic


You had 5 spell levels left.
You knew the following spells:

 Your Spells              Type           Power      Damage    Failure   Level
a - Foxfire               Conj/Fire      76%        2x1d7     2%          1
b - Scorch                Fire           32%        2d7       4%          2

Your spell library contained the following spells:

 Spells                   Type           Power      Damage    Failure   Level
 Conjure Flame            Conj/Fire      19%        6-21      7%          3
 Apportation              Tloc           2%         N/A       19%         1
 Inner Flame              Hex/Fire       8%         N/A       24%         3
 Flame Wave               Conj/Fire      19%        2d6       24%         4
 Alistair's Intoxication  Tmut/Pois      0%         N/A       99%         5


Dungeon Overview and Level Annotations

Branches:
Dungeon (4/15)
 Temple: D:4-7

Altars:


Innate Abilities, Weirdness & Mutations

You have a beak for a mouth.
You have claws for feet.
Your magical nature lets you fly swiftly and evasively.


Message History

There is a stone staircase leading up here.
An iguana is nearby!
An iguana is nearby!
The helpless iguana fails to defend itself.
You hit the iguana.
The iguana seems to grow stronger.
Your kick misses the iguana.
The iguana is lightly wounded.
The iguana barely misses you. The iguana misses you.
You hit the iguana. You burn the iguana. Your kick misses the iguana.
Your peck misses the iguana.
The iguana is moderately wounded.
The iguana bites you but does no damage.
You hit the iguana.
The iguana flickers and vanishes!
Deactivating autopickup; reactivate with Ctrl-A.
You claw something. Your peck misses something.
Something bites you but does no damage.
No target in view!
No target in view!
No target in view!
No target in view!
No target in view!
No target in view!
No target in view!
No target in view!
No target in view!
No target in view!
No target in view!
There is a strange disturbance nearby!
You barely miss something. You claw something. Your peck misses something.
Something bites you!!
Ouch! That really hurt!
There is a stone staircase leading up here.
You feel better. Something barely misses you.
Casting: Foxfire (safe; 2% risk of failure)
Confirm with . or Enter, or press ? or * to list all spells.
You conjure some foxfire!
Something bites you!
* * * LOW HITPOINT WARNING * * *
The foxfire hits something. x2
You hit something but do no damage. You claw something. Something bites you.
You die...

.#.###. #..#
............
...........#
..........### .
#.#........ # ..
.....#..# .##..# .
#.#ยง...##....#
....#(..<........#
#.....@{.......#
.....[..........#
.#..#####..###.##
#. #.... # #
#.###.. #.. . ###


There were no monsters in sight!

Vanquished Creatures
  Crazy Yiuf (D:2)
  A hound (D:3)
  Robin (D:1)
  2 adders
  A worm (D:3)
  3 dart slugs
  6 endoplasms
  6 giant cockroaches
  8 hobgoblins
  4 jackals (D:2)
  2 quokkas (D:3)
  A ball python (D:1)
  3 bats
  2 frilled lizards
  9 goblins
  5 kobolds
  7 rats
62 creatures vanquished.

Vanquished Creatures (collateral kills)
  A foxfire (D:1)
1 creature vanquished.

Vanquished Creatures (others)
  106 foxfires
  A fungus (D:1)
  A plant (D:1)
108 creatures vanquished.

Grand Total: 171 creatures vanquished

Notes
Turn   | Place    | Note
-------+----------+-------------------------------------------
     0 | D:1      | bastard the Tengu Fire Elementalist began the quest for the
                  | Orb.
     0 | D:1      | Reached XP level 1. HP: 10/10 MP: 4/4
   148 | D:1      | Reached skill level 2 in Conjurations
   493 | D:1      | Reached XP level 2. HP: 15/15 MP: 4/6
   526 | D:1      | Learned a level 2 spell: Scorch
   627 | D:1      | Reached skill level 3 in Conjurations
  1089 | D:1      | Found a faded altar of an unknown god.
  1691 | D:2      | Reached XP level 3. HP: 19/19 MP: 5/7
  1695 | D:2      | Noticed Robin
  1696 | D:2      | Reached skill level 4 in Conjurations
  2303 | D:1      | Killed Robin
  2663 | D:2      | Reached skill level 5 in Conjurations
  2663 | D:2      | Reached XP level 4. HP: 24/24 MP: 5/8
  3061 | D:2      | Found a runed translucent door.
  3062 | D:2      | Noticed Crazy Yiuf
  3078 | D:2      | Killed Crazy Yiuf
  3490 | D:3      | Gained mutation: Your magical nature lets you fly swiftly
                  | and evasively. [Tengu growth]
  3490 | D:3      | Reached XP level 5. HP: 27/28 MP: 9/9
  3954 | D:3      | Reached skill level 6 in Conjurations
  4023 | D:4      | Slain by an iguana

Illustrated notes

Levels and vault maps discovered:
D:1:      dpeg_arrival_prison, layout_basic,
          shapermc_ecumenical_altar_flowoftime
D:2:      layout_loops_ring, uniq_crazy_yiuf_cottage, uniq_robin
D:3:      wander_river, layout_basic, kennysheep_generic_room_11
D:4:      layout_basic, gammafunk_ghost_icy, serial_bayou_pond_c, uniq_sigmund

Skill      XL: |  1  2  3  4  5 |
---------------+----------------+-----
Conjurations   | 2 3 5 6 |  6.0
Fire Magic     | 4 |  4.2
Dodging        | |  2.1
Stealth        | |  2.0
Spellcasting   | |  2.0

Action                   |  1- 3 |  4- 6 || total
-------------------------+-------+-------++-------
Melee: Unarmed           |    21 |     6 ||    27
       Kick              |     7 |     5 ||    12
       Peck              |     6 |     5 ||    11
       Punch             |     1 |       ||     1
       Quarterstaff      |       |    26 ||    26
 Cast: Foxfire           |    52 |    20 ||    72
       Scorch            |    13 |     2 ||    15
  Use: Scroll            |     8 |     5 ||    13
       Potion            |     3 |     3 ||     6
 Stab: Sleeping          |       |     3 ||     3
Armor: Robe              |    42 |     7 ||    49
       Skin              |       |     4 ||     4
Dodge: Dodged            |    70 |    27 ||    97

Table legend: (Time is in decaauts)
 A = Elapsed time spent in this place.
 B = Non-inter-level travel time spent in this place.
 C = Inter-level travel time spent in this place.
 D = Time resting spent in this place.
 E = Time spent auto-exploring this place.
 F = Levels seen in this place.
 G = Mean time per level.
                   A        B        C        D        E       F      G
               +--------+--------+--------+--------+--------+-----+--------+
         Total |   3959 |   3803 |    156 |      0 |   3234 |   4 |  989.8 |
       Dungeon |   3959 |   3803 |    156 |      0 |   3234 |   4 |  989.8 |
               +--------+--------+--------+--------+--------+-----+--------+

Top non-repeatable levels by time:
     D:1: 2193 daAuts
     D:2: 1077 daAuts
     D:3: 674 daAuts
     D:4: 14 daAuts
